[Event "Late-Titled-Tuesday-Blitz-April-16-2024"]
[Site "Chess.com"]
[Date "2024.04.16"]
[Round "4"]
[White "Abund"]
[Black "StellarChess"]
[Result "0-1"]
[WhiteElo "2800"]
[BlackElo "2683"]
[TimeControl "180+1"]
[EndTime "14:38:47 PDT"]
[Termination "StellarChess won by resignation"]

1. e4 e5 2. Nf3 Nc6 3. Bb5 Nge7 4. O-O g6 5. d4 exd4 6. Nxd4 Bg7 7. c3 a6 8. Be2 O-O 9. Bg5 h6 10. Bh4 g5 11. Bg3 d5 12. Nxc6 bxc6 13. exd5 cxd5 14. Nd2 Nf5 15. Nb3 Nxg3 16. fxg3 a5 17. Bd3 a4 18.
Nd4 a3 19. b4 c5 20. bxc5 Qa5 21. Rc1 Qxc5 22. Bb1 Ba6 23. Rf2 Rfe8 24. h3 Rac8 25. Qc2 Re4 26. Nb3 Qxc3 27. Qxc3 Rxc3 28. Bxe4 Rxc1+ 29. Nxc1 dxe4 30. Rc2 Bd4+ 31. Kh2 Bb2 32. g4 Kg7 33. Ne2 Bd3 34. Rd2 Kf6 35. Kg1 Ke5 36. Kf2 Bc4 37. Rc2 Bxa2 38. Rc5+ Kf6 39. Rb5 Be6 40. Ra5 a2 41. Ng3 Kg7 42. Nxe4 a1=Q 43. Rxa1 Bxa1 44. Ke2 Bd4 45. Ng3 Be5 46. Nh5+ Kg6 47.
Kf2 f5 48. Kf3 fxg4+ 49. hxg4 Bd5+ 50. Kf2 Kf7 51. Kf1 Ke6 52. Kf2 Kd6 53. Ng3 Bxg3+ 54. Kxg3 Ke5 55. Kh3 Kf4 56. g3+ Kf3 57. Kh2 Kxg4 58.
Kg1 Kxg3 59. Kf1 h5 60. Kg1 h4 61. Kf1 h3 62. Ke2 h2 63. Ke3 g4 64. Kd2 h1=Q 65.
Ke2 Qf3+ 66. Ke1 Qg2 67. Kd1 Qf2 68. Kc1 Kf3 69. Kd1 g3 70. Kc1 g2 0-1

[Event "Late-Titled-Tuesday-Blitz-April-16-2024"]
[Site "Chess.com"]
[Date "2024.04.16"]
[Round "4"]
[White "zverr1"]
[Black "balachess2006"]
[Result "1-0"]
[WhiteElo "2507"]
[BlackElo "2675"]
[TimeControl "180+1"]
[EndTime "14:38:47 PDT"]
[Termination "zverr1 won by resignation"]

1. e4 c5 2. Nf3 Nc6 3. d4 cxd4 4.
Nxd4 Nf6 5. Nc3 e5 6. Ndb5 d6 7.
Be3 a6 8. Na3 b5 9. Nd5 Nxd5 10.
exd5 Ne7 11. c4 Nf5 12. Bd2 Be7 13. cxb5 O-O 14. Be2 Nd4 15. Bd3 Bb7 16. Bc4 axb5 17. Nxb5 Nxb5 18. Bxb5 Bxd5 19. O-O Qb6 20. a4 Qb7 21. f3 Rfc8 22. Be3 Be6 23. Qd3 d5 24. Rfc1 d4 25. Bd2 Rxc1+ 26. Rxc1 Rc8 27. a5 Rxc1+ 28.
Bxc1 Qc8 29. Bd2 f5 30. a6 Bd5 31. b3 e4 32. Bc4 Bxc4 33. Qxc4+ Qxc4 34. bxc4 Bc5 35. fxe4 fxe4 36. Kf1 e3 37. Bb4 Ba7 38. Ke2 Kf7 39. Kd3 Ke6 40. Ke4 g6 41. c5 e2 42.
Kxd4 Kd7 43. Kd5 Kc7 44. Be1 Kd7 45. Bg3 Bb8 46. Bf2 Ba7 47. c6+ Kc7 48. Bg3+ Kc8 49.
Kc4 Bb8 50. Bf2 Ba7 51. Bg3 Bb8 52. Be1 Kc7 53. Kd3 Kxc6 54. Kxe2 Kb5 55. Bg3 Ba7 56. Bf2 Bxf2 57. Kxf2 Kxa6 58. Ke3 Kb6 59. Ke4 Kc6 60. Ke5 Kd7 61. Kf6 Kd6 62. Kg7 Ke5 63. Kxh7 g5 64.
Kg6 Kf4 65. Kh5 Kf5 66. g4+ Kf4 67. h3 1-0

[Event "Late-Titled-Tuesday-Blitz-April-16-2024"]
[Site "Chess.com"]
[Date "2024.04.16"]
[Round "4"]
[White "ChessBrainiacOnTwitch"]
[Black "chucksterf10"]
[Result "1-0"]
[WhiteElo "2832"]
[BlackElo "2577"]
[TimeControl "180+1"]
[EndTime "14:38:48 PDT"]
[Termination "ChessBrainiacOnTwitch won by resignation"]

1. e4 Nc6 2. d4 d5 3. e5 Bf5 4.
Nf3 e6 5. Be2 f6 6. O-O Nge7 7.
Re1 Qd7 8. a4 Ng6 9. Bd3 Bxd3 10.
Qxd3 Be7 11. Nbd2 O-O 12. Nf1 fxe5 13. dxe5 Rf5 14. Ng3 Ngxe5 15. Nxe5 Rxe5 16. Bf4 Rxe1+ 17. Rxe1 Rf8 18. Nh5 g6 19. Qg3 Rf5 20. Qg4 Rxh5 21. Rxe6 Kf7 22. Rf6+ Ke8 23. Rxg6 Qxg4 24. Rxg4 Kd7 25.
c3 Rf5 26. Be3 h5 27. Rg7 Ke6 28. Kf1 Rf7 29. Rg6+ Rf6 30. Rg7 Bd6 31. h4 Rf7 32. Rg5 Rf5 33. Rg6+ Kd7 34. Ke2 Ne7 35. Rh6 Bf4 36. Bxf4 Rxf4 37. Rxh5 Rxa4 38. Rh7 Ra2 39. h5 Rxb2+ 40. Kf3 Ke6 41. g4 Rb1 42. Kf4 a5 43. g5 a4 44. Rh8 Rh1 45. Kg4 Rg1+ 46. Kf4 Rh1 47. Kg4 b5 48. Ra8 Nf5 49. g6 Ng7 50.
Rg8 Nxh5 51. Kg5 Nf6 52. Rf8 Rg1+ 53. Kh6 a3 54. Ra8 Rh1+ 55. Kg7 Nh5+ 56. Kf8 Rg1 57. Ra6+ Ke5 58. Kf7 c5 59. Rxa3 b4 60. cxb4 cxb4 61.
Rh3 Nf4 62. Re3+ Kf5 63. g7 d4 64. Rg3 Rxg3 65. fxg3 Ne6 66. g8=Q Ng5+ 67. Ke7 Ne4 68. Qd5+ 1-0

[Event "Late-Titled-Tuesday-Blitz-April-16-2024"]
[Site "Chess.com"]
[Date "2024.04.16"]
[Round "4"]
[White "Kopytkin"]
[Black "hikeman2017"]
[Result "0-1"]
[WhiteElo "2449"]
[BlackElo "2218"]
[TimeControl "180+1"]
[EndTime "14:38:49 PDT"]
[Termination "hikeman2017 won on time"]

1. d4 e6 2. Bf4 f5 3. d5 Nf6 4.
c4 d6 5. Nc3 e5 6. Bd2 g6 7. e3 Bg7 8. f4 exf4 9. exf4 O-O 10. Nf3 c5 11. Be2 h6 12. O-O Re8 13. Bd3 Nbd7 14. Re1 Nf8 15. Rxe8 Qxe8 16. Qe1 a6 17. a3 Bd7 18. Qxe8 Rxe8 19. Re1 Rxe1+ 20. Bxe1 Kf7 21. b4 b6 22. g3 Ng4 23. Bd2 Nf6 24. h3 Ne8 25.
Ne1 Bf6 26. Kf2 g5 27. Ke2 Ng6 28. Nf3 gxf4 29. Kf2 fxg3+ 30. Kxg3 Ng7 31. Ne2 Nh5+ 32. Kf2 Kg7 33. Bc1 Ne5 34. Nxe5 Bxe5 35. Bc2 Kg6 36. Kf3 Nf6 37. Nf4+ Kg7 38. Nd3 Bd4 39. Bf4 Ne4 40.
h4 h5 41. Nc1 Nf6 42. Bxd6 cxb4 43. axb4 Ng4 44. Ne2 Be5 45. c5 Bxd6 46. cxd6 Kf6 47. Kf4 Ne5 48. Nd4 Ng6+ 49. Kf3 Ke5 50. Nc6+ Kxd6 51. Nd4 Kxd5 52. Nxf5 Bxf5 53. Bb3+ Kd4 54. Bf7 Ne7 55. Kf4 Bg6 56. Be6 Kc3 57. Kg5 Be8 58. Kf6 Nc6 59. b5 axb5 60. Bf7 Bxf7 61. Kxf7 b4 62. Kf6 b3 0-1

[Event "Late-Titled-Tuesday-Blitz-April-16-2024"]
[Site "Chess.com"]
[Date "2024.04.16"]
[Round "4"]
[White "mbojan"]
[Black "Nimrod_Veinberg"]
[Result "1-0"]
[WhiteElo "2976"]
[BlackElo "2733"]
[TimeControl "180+1"]
[EndTime "14:38:52 PDT"]
[Termination "mbojan won by resignation"]

1. g3 d5 2. Bg2 g6 3. d3 Bg7 4.
Nc3 Nf6 5. Bd2 c5 6. Qc1 h6 7. Nf3 Nc6 8. O-O d4 9. Na4 Nd7 10. c4 Qc7 11. a3 b6 12. b4 Bb7 13. Rb1 Rb8 14. Re1 h5 15. Bg5 O-O 16. Bh6 Rfe8 17.
Bxg7 Kxg7 18. Qg5 cxb4 19. axb4 Nf8 20. Bh3 Nh7 21. Qd2 Nf6 22. Bg2 e5 23. Ng5 Nd8 24. Bf3 Ne6 25. Nxe6+ Rxe6 26. Nb2 Rd8 27. h4 e4 28. dxe4 Bxe4 29. Nd3 Qxc4 30. Rbc1 Qb5 31.
Rc7 Bxf3 32. exf3 Rxe1+ 33. Nxe1 a5 34. bxa5 Qxa5 35. Qd1 Qe5 36. Ra7 Rd7 37. Nd3 Qd6 38. Ra6 Rc7 39. Qb1 Rc6 40. Kg2 b5 41. Ra7 Rb6 42.
Qb3 Qe6 43. Qxe6 Rxe6 44. Rb7 Re2 45. Rxb5 Rd2 46. Nf4 Kf8 47. Rb7 Rd1 48. Rb6 Kg7 49. Rb7 d3 50. Rb6 Ne8 51. Rb3 d2 52. Rd3 Nc7 53. Nd5 Nxd5 54. Rxd5 Kf6 55. f4 Ke6 56. Rd4 f6 57. Kf3 Kf5 58. Rd3 g5 59. fxg5 fxg5 60. hxg5 Kxg5 61. Ke2 Rh1 62. Rd5+ Kg6 63. Rxd2 h4 64.
g4 h3 65. Kf3 Kf6 66. Kg3 Kg6 67. f3 Kf6 68. Rh2 1-0

[Event "Late-Titled-Tuesday-Blitz-April-16-2024"]
[Site "Chess.com"]
[Date "2024.04.16"]
[Round "4"]
[White "PositionalPanther"]
[Black "Indefatigable11"]
[Result "0-1"]
[WhiteElo "2511"]
[BlackElo "2378"]
[TimeControl "180+1"]
[EndTime "14:38:57 PDT"]
[Termination "Indefatigable11 won by checkmate"]

1. a3 d5 2. b4 e5 3. Bb2 Bd6 4. e3 Ne7 5. c4 c6 6. Nf3 Nd7 7. Nc3 O-O 8. e4 d4 9. Ne2 c5 10. b5 f5 11. d3 Nf6 12. Ng3 fxe4 13. dxe4 Ng6 14. Bd3 Nf4 15. Rg1 Bg4 16. Bc1 N6h5 17. Ne2 Nxg2+ 18. Rxg2 Bxf3 19. Rg5 h6 20. Rg1 Qh4 21. Rg6 Be7 22. Qd2 Bg5 23. Rxg5 hxg5 24. Qxg5 Qxh2 25. Qg1 Qh4 26. Bg5 Qg4 27. Qxg4 Bxg4 28.
Be7 Rfc8 29. Bd6 b6 30. Bxe5 Re8 31. Bh2 Bf3 32. e5 g5 33. Kd2 g4 34. Rg1 Kf7 35. Nf4 Nxf4 36. Bxf4 Ke6 37. Re1 Rf8 38. Bg3 Rae8 39.
a4 Kd7 40. Ra1 Bb7 41. a5 Rf3 42. axb6 axb6 43. Ra7 Kc8 44. Bg6 Re6 45. Bh5 Rxg3 46. fxg3 Rxe5 47. Bxg4+ Kb8 48. Ra1 Re3 49. Rg1 Be4 50.
Be2 Rc3 51. g4 Rc2+ 52. Kd1 d3 53. Bf1 Bf3+ 54. Ke1 d2+ 55. Kf2 d1=Q+ 56. Kg3 Qd6+ 57. Kh4 Qh6+ 58. Kg3 Bb7 59. Bg2 Qd6+ 60. Kh3 Rxg2 61. Rxg2 Bxg2+ 62. Kxg2 Qd3 63. Kh2 Qxc4 64. Kg2 Qxb5 65.
Kf2 Qe8 66. Kf1 Qf7+ 67. Kg2 Qg6 68. Kg1 Kc7 69. g5 Kd6 70. Kf2 Ke5 71. Ke1 Qxg5 72. Kd1 Qe3 73. Kc2 Kd4 74. Kb1 c4 75. Kb2 c3+ 76.
Kb1 Qd2 77. Ka1 Qb2# 0-1

[Event "Late-Titled-Tuesday-Blitz-April-16-2024"]
[Site "Chess.com"]
[Date "2024.04.16"]
[Round "4"]
[White "Lady_Nika"]
[Black "Cluke86"]
[Result "0-1"]
[WhiteElo "2487"]
[BlackElo "2343"]
[TimeControl "180+1"]
[EndTime "14:39:00 PDT"]
[Termination "Cluke86 won by checkmate"]

1. e4 d6 2. d4 Nf6 3. f3 e5 4. d5 Be7 5. Be3 Nbd7 6. c4 h6 7. Nc3 a5 8. Qd2 Nc5 9. Bd3 b6 10. Nge2 Ba6 11. O-O-O Nfd7 12. Kb1 Qb8 13. Nb5 Nxd3 14. Qxd3 Bxb5 15. cxb5 a4 16. a3 Nc5 17.
Qc4 Ra5 18. Nc3 Qa7 19. g4 Bg5 20. Bf2 Bf4 21. h4 g6 22. Ne2 g5 23. hxg5 Bxg5 24.
Rh5 Kd7 25. Rdh1 Qa8 26. Bg3 Be3 27. Rf5 Qe8 28. Nc3 Kc8 29. Rfh5 Kb7 30. Be1 Bd4 31. Ne2 Rxb5 32. Nxd4 exd4 33. Qxd4 Rb3 34. Bc3 Rf8 35. Rxh6 Qb5 36. e5 Rxa3 37. exd6 Ra1+ 38. Kxa1 Nb3+ 39. Kb1 Nxd4 40. Bxd4 Qd3+ 41. Ka1 Qxd4 42. dxc7 a3 43. R6h2 Kxc7 44. Rc2+ Kb7 45. Rhc1 Ra8 46. Kb1 axb2 47. Rc7+ Ka6 48. R1c4 Qxd5 49. Ra4+ Kb5 50. Rxa8 Qxf3 51. Rxf7 Qxf7 52. Kxb2 Qg7+ 53. Kb1 Qxg4 54. Ra3 Qe4+ 55. Kb2 Qe2+ 56. Kb3 Qd3+ 57. Kb2 Qxa3+ 58. Kxa3 Kc4 59. Ka2 Kb4 60. Kb2 Kc4 61. Kc2 Kb4 62. Kb2 b5 63. Ka2 Kc3 64. Kb1 Kb3 65. Ka1 Kc2 66.
Ka2 b4 67. Ka1 Kb3 68. Kb1 Kc3 69. Kc1 Kb3 70. Kb1 Kc3 71. Kc1 b3 72. Kb1 b2 73.
Ka2 Kc2 74. Ka3 b1=Q 75. Ka4 Qb2 76. Ka5 Kc3 77. Ka6 Kc4 78. Ka7 Kc5 79. Ka8 Kc6 80.
Ka7 Qb7# 0-1

[Event "Late-Titled-Tuesday-Blitz-April-16-2024"]
[Site "Chess.com"]
[Date "2024.04.16"]
[Round "4"]
[White "dosto07"]
[Black "hristos03"]
[Result "0-1"]
[WhiteElo "2506"]
[BlackElo "2365"]
[TimeControl "180+1"]
[EndTime "14:39:02 PDT"]
[Termination "hristos03 won on time"]

1. e4 e5 2. Nf3 d6 3. d4 exd4 4. Nxd4 Nf6 5. Nc3 Be7 6. g3 O-O 7. Bg2 Re8 8. O-O c6 9. a4 a5 10. b3 Bf8 11. Bb2 g6 12. Qd2 Bg7 13. Rad1 Qc7 14. h3 Na6 15. f4 Nc5 16. Rfe1 Rd8 17. Nf3 Nfxe4 18. Nxe4 Nxe4 19. Rxe4 Bxb2 20. c3 Ba3 21.
Rde1 Bf5 22. Re7 Qb6+ 23. Kh2 d5 24. R7e2 Bf8 25. Nd4 Bd7 26. f5 c5 27. fxg6 hxg6 28. Nc2 Be6 29. Ne3 d4 30. Nc4 Bxc4 31. bxc4 Bg7 32.
Bd5 dxc3 33. Qg5 Qf6 34. Qg4 Rf8 35. Kg2 Rad8 36. Rf2 Qd4 37. Re4 Qd3 38. Re7 Rxd5 39. cxd5 c2 40. Re1 Qxd5+ 41. Kh2 Bh6 42. Rxc2 Qd4 43.
Rce2 Qxg4 44. hxg4 Rd8 45. Rc2 Bf8 46. Re5 Rd4 47.
Kh3 Rxa4 48. Rd5 Rd4 49. Rxd4 cxd4 50. Rc8 Kg7 51. Rd8 Bc5 52. Rd5 b6 53. g5 a4 54.
Rd7 a3 55. Ra7 d3 56. Rd7 a2 57. Ra7 d2 58. Rxa2 d1=Q 59. Rh2 Qh5+ 60. Kg2 Qxg5 61.
Rh4 Bd6 62. Rf4 Bxf4 63. Kf3 Qxg3+ 64. Ke4 Qe3+ 65. Kd5 f5 66. Kc6 Qc5+ 67. Kb7 b5 68. Ka6 b4 69. Kb7 b3 70. Ka6 b2 71. Kb7 b1=Q+ 0-1

[Event "Late-Titled-Tuesday-Blitz-April-16-2024"]
[Site "Chess.com"]
[Date "2024.04.16"]
[Round "4"]
[White "cthulhuuu"]
[Black "GothamChess"]
[Result "1/2-1/2"]
[WhiteElo "2459"]
[BlackElo "2680"]
[TimeControl "180+1"]
[EndTime "14:39:03 PDT"]
[Termination "Game drawn - insufficient material"]

1. e4 d5 2. exd5 Qxd5 3. d3 Nc6 4. Nc3 Qa5 5. g3 h5 6. Nf3 Bg4 7. h3 Bf5 8. Bg2 O-O-O 9. O-O h4 10. g4 Bg6 11. Rb1 e6 12. Re1 Bb4 13. Bd2 Nf6 14. a3 Bxc3 15. Bxc3 Qb6 16. Qe2 Nd5 17. Bd2 Nd4 18. Nxd4 Qxd4 19. Bc3 Qc5 20. Bxg7 Nf4 21. Qe5 Qxe5 22. Bxe5 Nxg2 23. Kxg2 Rhg8 24. Bf6 Rd5 25. Re5 Rxe5 26. Bxe5 f5 27. f3 Rf8 28. Re1 Kd7 29. Bg7 Rf7 30. Bh6 a6 31. Bg5 Rh7 32. Kf2 a5 33.
Re5 b6 34. Ke3 Kd6 35. Bf4 Kd7 36. c3 Rf7 37. d4 Rh7 38. d5 exd5 39. Rxd5+ Kc6 40.
Rd4 fxg4 41. fxg4 Bf7 42. Bg5 Bd5 43. Rf4 a4 44. Kf2 Kb5 45. Rb4+ Kc6 46. Rxa4 Rh8 47. Rf4 b5 48. Rf6+ Kd7 49. Rh6 Rf8+ 50. Rf6 Rh8 51. Rf5 Ke6 52. Bf4 c6 53. Re5+ Kf6 54. Rf5+ Ke6 55.
Bg5 Rh7 56. Ke3 Bg2 57. Rf6+ Kd5 58. Rh6 Rg7 59. Bxh4 Bxh3 60. g5 Bg2 61. Kf4 Kc4 62. g6 Kb3 63. Kg5 Bd5 64. Rh7 Rxg6+ 65. Kxg6 Be4+ 66. Kh6 Bxh7 67. Kxh7 Kxb2 68. Be7 Kxc3 69. Kg6 Kc4 70. Kf5 c5 71. Ke4 b4 72. a4 b3 73. Bf6 Kb4 74. a5 Kxa5 75. Kd3 Kb4 76. Bc3+ Ka3 77. Kc4 b2 78. Bxb2+ Ka2 79. Kxc5 1/2-1/2

[Event "Late-Titled-Tuesday-Blitz-April-16-2024"]
[Site "Chess.com"]
[Date "2024.04.16"]
[Round "4"]
[White "GAO"]
[Black "Aragon"]
[Result "1-0"]
[WhiteElo "2300"]
[BlackElo "2052"]
[TimeControl "180+1"]
[EndTime "14:39:06 PDT"]
[Termination "GAO won on time"]

1. e4 a6 2. d4 b5 3. Bd3 Bb7 4. Qe2 e6 5. h4 Nf6 6. h5 d5 7.
e5 Nfd7 8. h6 g6 9. c3 c5 10. Nf3 Nc6 11. a3 Be7 12. Bf4 Qb6 13. Bg5 cxd4 14. Bxe7 Kxe7 15. O-O Rac8 16. Nbd2 dxc3 17.
bxc3 Na5 18. a4 Nc4 19. axb5 axb5 20. Nb3 Qc7 21. Rfe1 Ra8 22. Rxa8 Rxa8 23. Nbd4 Bc6 24. Bxc4 dxc4 25. Ng5 Bb7 26. Nxh7 Rh8 27. Nf6 Nxf6 28. exf6+ Kxf6 29. Nxb5 Qc6 30. Qe5+ Ke7 31. f3 Rxh6 32.
Qg5+ Ke8 33. Qxh6 Qxb5 34. Qh8+ Ke7 35. Qh4+ Ke8 36. Rd1 Qc5+ 37. Kh1 Bd5 38. Rb1 Qa7 39. Rb8+ Kd7 40. Qd8+ Kc6 41. Rc8+ Kb5 42. Rb8+ Kc6 43.
Qe8+ Kc7 44. Rc8+ Kd6 45. Qf8+ Ke5 46. Qg7+ Kd6 47. Rd8+ Kc6 48. Rc8+ Kb6 49. Qd4+ Ka6 50. Qxa7+ Kxa7 51. Rf8 e5 52. Re8 Be6 53. g4 Kb7 54.
Kg2 Kc7 55. Kf2 Kd7 56. Ra8 Kd6 57. Ke3 Ke7 58. Ra7+ Kf6 59. Ke4 Kg5 60. Kxe5 Kh4 61. f4 Kxg4 62. Ra5 g5 63. Rc5 gxf4 64. Ke4 f3 65.
Ke3 Kg3 66. Rg5+ Kh4 67. Rg8 Bd5 68. Rh8+ Kg4 69. Rg8+ Kf5 70. Kf2 Ke4 71. Rg4+ Ke5 72. Rg5+ f5 73. Rg7 Ke4 74. Re7+ Kd3 75. Rd7 Ke4 76. Re7+ 1-0

[Event "Late-Titled-Tuesday-Blitz-April-16-2024"]
[Site "Chess.com"]
[Date "2024.04.16"]
[Round "4"]
[White "LiemLe"]
[Black "Mops_2004"]
[Result "1-0"]
[WhiteElo "3046"]
[BlackElo "2811"]
[TimeControl "180+1"]
[EndTime "14:39:18 PDT"]
[Termination "LiemLe won by checkmate"]

1. Nf3 g6 2. d4 Bg7 3. e4 d6 4. Nc3 a6 5. a4 Nc6 6. Be3 Nf6 7. h3 O-O 8. Bc4 e6 9. Bb3 b6 10. O-O Bb7 11. Qd3 Nb4 12. Qd2 a5 13. Bg5 h6 14.
Bxh6 Nxe4 15. Nxe4 Bxe4 16. Bxg7 Kxg7 17. Nh2 Qh4 18.
c3 Nc6 19. f3 Bd5 20. Bxd5 exd5 21. Rae1 Rae8 22. Ng4 Ne7 23. Re2 Nf5 24. Rfe1 Rxe2 25.
Rxe2 Ng3 26. Re1 Nf5 27. Ne3 Nxe3 28. Qxe3 Rb8 29. Qe7 Qxe7 30. Rxe7 Rc8 31. Kf2 Kf6 32. Re1 Rb8 33. Ke3 b5 34. Kd3 c5 35. axb5 Rxb5 36.
Kc2 cxd4 37. cxd4 Rb4 38. Kc3 Rc4+ 39. Kd3 Rb4 40. Re2 Rb3+ 41. Kc2 Rb4 42. Kc3 Rc4+ 43.
Kd3 Rb4 44. h4 Rb3+ 45. Kc2 Rb4 46. Kc3 Rc4+ 47. Kd3 Rb4 48. Rc2 Rb3+ 49. Ke2 Rb4 50. Ke3 Rb3+ 51. Kf2 Rb4 52. Rd2 Kf5 53. Ke3 Rb3+ 54.
Kf2 Kf4 55. g3+ Kf5 56. Kg2 Kf6 57. g4 Rb4 58. Kg3 Rb3 59. Kf4 Rb4 60. h5 g5+ 61.
Kg3 Kg7 62. Kf2 Rb3 63. Rc2 Kf6 64. Kg3 Kg7 65. Rc6 Rxb2 66. Rxd6 Rb5 67. Ra6 Kh7 68. Kf2 Rb2+ 69. Ke3 Rb3+ 70. Ke2 Rb2+ 71. Kd3 Rb3+ 72. Ke2 Rb2+ 73. Ke1 Rb3 74. Rxa5 Rxf3 75. Rxd5 Rf4 76. Rxg5 Rxd4 77. Kf2 f6 78. Rg6 f5 79.
g5 Rd3 80. Rf6 Rh3 81. h6 Rh5 82. Rf7+ Kg6 83. Rg7# 1-0

[Event "Late-Titled-Tuesday-Blitz-April-16-2024"]
[Site "Chess.com"]
[Date "2024.04.16"]
[Round "4"]
[White "GM_dmitrij"]
[Black "Jimonios"]
[Result "1-0"]
[WhiteElo "2990"]
[BlackElo "2614"]
[TimeControl "180+1"]
[EndTime "14:39:21 PDT"]
[Termination "GM_dmitrij won by resignation"]

1. d4 Nf6 2. c4 g6 3. Nc3 Bg7 4. e4 d6 5. Be2 e5 6. dxe5 dxe5 7. Qxd8+ Kxd8 8. Be3 Be6 9. Nf3 Nc6 10. O-O-O+ Nd7 11. Ng5 Nd4 12. Nxe6+ fxe6 13. Bg4 Ke7 14. Nb5 c5 15.
Nc7 Rac8 16. Nb5 a6 17. Nc3 b5 18. b3 bxc4 19. bxc4 Nb6 20. Be2 Nxe2+ 21. Nxe2 Nxc4 22. Kc2 Nxe3+ 23. fxe3 Bh6 24. Rd3 Rhf8 25. Rhd1 Rf2 26. R1d2 Rxg2 27. Rd7+ Ke8 28. Rxh7 Bf8 29. h4 Rb8 30.
Ra7 Bh6 31. Nc3 Rxd2+ 32. Kxd2 Rb6 33. Kd3 Bf8 34. a3 Be7 35. Ra8+ Kf7 36. Ra7 Kf8 37. Kc4 Bxh4 38. Na4 Rb1 39. Rxa6 Be7 40. Rxe6 Rc1+ 41.
Nc3 Kf7 42. Ra6 g5 43. Kd3 g4 44. Ne2 Re1 45. Ng3 Ra1 46. Nf5 Rxa3+ 47. Rxa3 c4+ 48. Kxc4 Bxa3 49. Nh6+ Ke6 50. Nxg4 Bd6 51. Nh6 Bb8 52. Nf5 Bc7 53. Kc5 Bb8 54. Kc6 Ba7 55. Kb5 Kd7 56.
Kc4 Kc6 57. Ne7+ Kd6 58. Nd5 Bb8 59. Nc3 Ke6 60. Nb5 Kf6 61. Kd5 Kg5 62. Nd6 Kf6 63.
Nc8 Kg5 64. Ne7 Kf6 65. Nc6 Bc7 66. Kc5 Ke6 67. Nb4 Bd6+ 68. Kb5 Bf8 69. Nd3 Bh6 70.
Nc5+ Ke7 71. Nd3 Kd6 72. Nb2 Bxe3 73. Nc4+ Ke6 74. Nxe3 Ke7 75. Nc4 Ke6 76. Kc5 Kd7 77.
Kd5 Ke7 78. Nxe5 1-0

[Event "Late-Titled-Tuesday-Blitz-April-16-2024"]
[Site "Chess.com"]
[Date "2024.04.16"]
[Round "4"]
[White "Attacker_2006"]
[Black "StopLookingAtMyProfile"]
[Result "1/2-1/2"]
[WhiteElo "2500"]
[BlackElo "2340"]
[TimeControl "180+1"]
[EndTime "14:39:25 PDT"]
[Termination "Game drawn - insufficient material"]

1. e4 e6 2. d3 d5 3. Nd2 c5 4. Ngf3 Nc6 5. g3 Nf6 6. Bg2 Be7 7. O-O O-O 8. e5 Nd7 9. Qe2 Qc7 10. Re1 b5 11. Nf1 Bb7 12. Bf4 Rfc8 13. h4 Qd8 14.
N1h2 a5 15. h5 h6 16. Ng4 Nf8 17. Qd2 Nh7 18. a4 bxa4 19. Rxa4 Bf8 20. Bxh6 gxh6 21. Nxh6+ Bxh6 22. Qxh6 d4 23. Nh4 Qg5 24. Qxg5+ Nxg5 25. f4 Nh7 26. Rea1 Rc7 27. Nf3 Nf8 28. Nd2 Nb4 29.
Bxb7 Rxb7 30. Rxa5 Rxa5 31. Rxa5 Nxc2 32. Rxc5 Rxb2 33.
Ne4 Ne3 34. h6 Kh7 35. Rc8 Ng6 36. Ng5+ Kxh6 37. Nxf7+ Kg7 38. Ng5 Rg2+ 39. Kh1 Rxg3 40. Rc7+ Kg8 41. Rc8+ Kg7 42. Nxe6+ Kf7 43. Ng5+ Ke7 44.
e6 Nxf4 45. Rc7+ Ke8 46. Rc8+ Ke7 47. Rc7+ Kd8 48. Rd7+ Ke8 49. Rxd4 Rxg5 50. Rxf4 Ke7 51. Re4 Ng4 52. Re2 Rd5 53. Kg2 Rxd3 54. Re4 Nf6 55.
Re1 Nd5 56. Re4 Nc7 57. Kf2 Nxe6 58. Re3 Rd2+ 59. Ke1 Rd6 60. Ra3 Kf6 61. Rf3+ Ke5 62. Re3+ Kf4 63. Re2 Ra6 64. Rf2+ Ke5 65. Re2+ Kd5 66.
Rd2+ Nd4 67. Kf2 Ke4 68. Rd1 Rg6 69. Re1+ Kf4 70. Re8 Nf5 71. Ra8 Rb6 72. Ra4+ Ke5 73. Ra5+ Ke4 74. Ra2 Rh6 75. Ra4+ Nd4 76. Ra8 Kf4 77.
Rf8+ Nf5 78. Ke2 Rd6 79. Ra8 Nd4+ 80. Kd3 Ne6+ 81. Kc4 Rd4+ 82. Kb5 Nc7+ 83. Kc5 Rd5+ 84. Kc6 Nxa8 85. Kxd5 1/2-1/2

[Event "Late-Titled-Tuesday-Blitz-April-16-2024"]
[Site "Chess.com"]
[Date "2024.04.16"]
[Round "4"]
[White "chessisveryfun1264"]
[Black "Sanan_Sjugirov"]
[Result "1/2-1/2"]
[WhiteElo "2761"]
[BlackElo "3022"]
[TimeControl "180+1"]
[EndTime "14:39:30 PDT"]
[Termination "Game drawn by stalemate"]

1. d4 Nf6 2. Bf4 b6 3. e3 Bb7 4. Nf3 g6 5. Nbd2 Bg7 6. h3 O-O 7. Bd3 d6 8. c3 Nbd7 9. O-O Qe8 10. Bh2 e5 11. Qc2 e4 12. Nxe4 Bxe4 13. Bxe4 Qxe4 14. Qe2 Rfe8 15. Nd2 Qe7 16. Rfe1 Ne4 17. Nb3 a5 18. f3 Nef6 19. e4 a4 20. Nc1 Nh5 21. Nd3 a3 22. b3 Nhf6 23. Nb4 Nf8 24. Rad1 Qd7 25. Nd3 Ne6 26. Qf2 Qb5 27. c4 Qa5 28. b4 Qa6 29. e5 dxe5 30. Nxe5 Nf8 31. Qc2 Qa4 32.
Qxa4 Rxa4 33. Nc6 Rxe1+ 34. Rxe1 b5 35. Bxc7 bxc4 36. b5 Nd5 37. b6 Nxb6 38. Bxb6 c3 39. Rc1 Rc4 40. Ne7+ Kh8 41. Nd5 c2 42. Ne3 Bxd4 43.
Bxd4+ Rxd4 44. Rxc2 Rd3 45. Nc4 Kg7 46. Kf2 Ne6 47. Ne5 Rd5 48. Nc4 Rd3 49. Ne5 Rd1 50. Nc4 Nd4 51. Rd2 Rxd2+ 52. Nxd2 Kf6 53. Nc4 Nb5 54. Ke3 Kf5 55. g4+ Kg5 56. Ne5 f6 57. Nd3 Kh4 58. Nf2 Kg3 59. Ne4+ Kxh3 60. Nxf6 h6 61.
Ne4 Kh4 62. Kf4 Nd4 63. Nd2 g5+ 64. Ke4 Nc2 65. Nc4 Kg3 66. Ne5 Nb4 67. Nc4 Nxa2 68. Nxa3 Nc3+ 69. Ke3 Nd5+ 70. Ke4 Nc3+ 71. Ke3 Nd1+ 72.
Ke2 Nf2 73. Nc4 Nh3 74. Ne5 Kf4 75. Nf7 Ng1+ 76. Kf2 Nxf3 77. Nxh6 Ne5 78. Kg1 Kg3 79. Kh1 Kf2 80. Kh2 Kf3 81. Kh3 Kf4 82. Kh2 Nxg4+ 83.
Nxg4 Kxg4 84. Kg2 Kf4 85. Kf2 g4 86. Kg2 g3 87. Kg1 Kf3 88. Kf1 Kg4 89. Kg2 Kh4 90. Kg1 Kh3 91. Kh1 g2+ 92. Kg1 Kg3 1/2-1/2

[Event "Late-Titled-Tuesday-Blitz-April-16-2024"]
[Site "Chess.com"]
[Date "2024.04.16"]
[Round "4"]
[White "Anton_Demchenko"]
[Black "Statham_01"]
[Result "0-1"]
[WhiteElo "2954"]
[BlackElo "2627"]
[TimeControl "180+1"]
[EndTime "14:39:50 PDT"]
[Termination "Statham_01 won on time"]

1. e4 e5 2. Nf3 Nf6 3. Nxe5 d5 4. Nf3 dxe4 5. Ne5 Bc5 6. Nc4 Nc6 7. Ne3 Ne5 8. Be2 h5 9. h3 Be6 10. Nc3 Qd7 11. d3 O-O-O 12. dxe4 Qc6 13. Bd3 g5 14. Qe2 a6 15. Bd2 h4 16. O-O g4 17. Ncd5 Bxd5 18. exd5 Qd6 19. Bf5+ Kb8 20. Nxg4 Nfxg4 21. Bxg4 Qxd5 22.
Bc3 Nxg4 23. Bxh8 Nxf2 24. Rxf2 Rxh8 25. Rf1 Rg8 26. Kh1 Rg3 27. Rf3 Rg7 28. Rf5 Qd4 29. Qf3 Bd6 30. Rxf7 Rg3 31. Qf2 Qe5 32. Rf5 Qe4 33.
Rf3 Rg8 34. Re3 Qd5 35. Qe2 Ka7 36. Re4 Qc6 37. Qe3+ Bc5 38. Qf3 Rg3 39. Qe2 Bb6 40. c3 Qg6 41. Rg4 Qd6 42. Rxg3 hxg3 43. Qf3 a5 44. a3 a4 45. Qf4 Qc6 46. Qxg3 Qb5 47. Qf3 Qxb2 48. h4 Qxa3 49. g3 Qc5 50. Qf4 Qb5 51.
Kg2 a3 52. Qf3 a2 53. Qd1 Qc6+ 54. Kh3 Qxc3 55. Qa1 Qc4 56. Rh1 Qe6+ 57. Kg2 Qe2+ 58. Kh3 Qe4 59. Rh2 Qe6+ 60. Kg2 Qd5+ 61. Kh3 Qf5+ 62. Kg2 Qb1 63. Qc3 a1=Q 64. Qxa1+ Qxa1 65. Kh3 Qf1+ 66. Kg4 Qc4+ 67. Kh3 Qe6+ 68. Kg2 Bg1 69. Kxg1 b5 70. h5 Qh6 71. g4 b4 72. Kh1 b3 73. g5 Qc6+ 74. Kg1 Qc5+ 75. Kh1 Qd5+ 76. Kg1 Qxg5+ 77. Kh1 b2 78. Rxb2 Qc1+ 79. Kg2 Qxb2+ 80.
Kg3 Qh8 81. Kg4 c6 82. Kg5 Kb7 83. h6 Kb6 84. Kg6 Kb5 85. h7 c5 86. Kh6 c4 87. Kg6 c3 0-1

[Event "Late-Titled-Tuesday-Blitz-April-16-2024"]
[Site "Chess.com"]
[Date "2024.04.16"]
[Round "5"]
[White "SRob2003"]
[Black "PapaieDudu"]
[Result "1-0"]
[WhiteElo "2656"]
[BlackElo "2331"]
[TimeControl "180+1"]
[EndTime "14:48:53 PDT"]
[Termination "SRob2003 won by resignation"]

1. d4 d5 2. Bg5 Nf6 3. Bxf6 gxf6 4. c4 dxc4 5. e3 a6 6. Bxc4 b5 7. Qf3 bxc4 8. Qxa8 Nd7 9. Qd5 c5 10. Qxc4 cxd4 11. Qxd4 e5 12. Qd2 Rg8 13. Nc3 Bb7 14. f3 Bh6 15. O-O-O Qb6 16. Qxd7+ Kf8 17. Qd8+ 1-0

[Event "Late-Titled-Tuesday-Blitz-April-16-2024"]
[Site "Chess.com"]
[Date "2024.04.16"]
[Round "5"]
[White "MarcoRiehle"]
[Black "IMGC"]
[Result "0-1"]
[WhiteElo "2734"]
[BlackElo "2480"]
[TimeControl "180+1"]
[EndTime "14:48:55 PDT"]
[Termination "IMGC won by resignation"]

1. e4 b6 2. d4 Bb7 3. Bd3 e6 4. Nf3 c5 5. c3 Nf6 6. Nbd2 d6 7.
O-O Nbd7 8. Qe2 Be7 9. e5 dxe5 10.
dxe5 Nd5 11. Ne4 Qc7 12. Bg5 Nxe5 13. Bxe7 Nxf3+ 14. Qxf3 Qxe7 15. Rad1 O-O 16. h3 Rad8 17. a3 f5 18. Ng3 Nxc3 19. Qe2 Nxe2+ 20. Bxe2 f4 0-1

[Event "Late-Titled-Tuesday-Blitz-April-16-2024"]
[Site "Chess.com"]
[Date "2024.04.16"]
[Round "5"]
[White "LuisFSiles"]
[Black "VD_coach"]
[Result "1-0"]
[WhiteElo "2396"]
[BlackElo "2595"]
[TimeControl "180+1"]
[EndTime "14:48:59 PDT"]
[Termination "LuisFSiles won by resignation"]

1. e4 c5 2. Nf3 d6 3. Bb5+ Bd7 4. Bxd7+ Qxd7 5. O-O Nf6 6. Re1 e6 7. c3 Be7 8. d4 cxd4 9. cxd4 O-O 10. Nc3 Nc6 11.
d5 Ne5 12. Nxe5 dxe5 13. Bg5 Rfd8 14. Bxf6 gxf6 15. Qh5 Qe8 16. Re3 Kh8 17. Rd1 Rac8 18. Rdd3 Bf8 19. Rh3 h6 20. Rdg3 Kh7 21. Qg4 1-0